 Dungeon Crawl Stone Soup version 0.25.0-9-g26727b6 (webtiles) character file.

Game seed: 10610747418170357801

101 Helmschank the Ruffian (level 4, -2/40 HPs)
             Began as a Ghoul Monk on June 17, 2020.
             Slain by Crazy Yiuf
             ... wielding a +2 quarterstaff of chaos
              (7 damage)
             ... on level 3 of the Dungeon.
             The game lasted 00:08:38 (2583 turns).

Helmschank the Ruffian (Ghoul Monk)                 Turns: 2583, Time: 00:08:38

Health: -2/40      AC:  7    Str: 14    XL:     4   Next: 75%
Magic:  3/3        EV: 17    Int:  6    God:
Gold:   151        SH:  0    Dex: 11    Spells: 3/3 levels left

rFire    . . .     SeeInvis .     - Unarmed
rCold    + . .     Gourm    .   (no shield)
rNeg     + + +     Faith    .   a - +0 leather armour (curse)
rPois    ∞         Spirit   .   (no helmet)
rElec    .         Reflect  .   (no cloak)
rCorr    .         Harm     .   (no gloves)
MR       .....                  (no boots)
Stlth    ++........             (no amulet)
HPRegen  0.00/turn              r - +4 ring of protection
MPRegen  0.08/turn              (no ring)

@: agile, rotting
A: rotting body, claws 1, carnivore, cold resistance 1, negative energy
resistance 3, inhibited regeneration, torment resistance, unbreathing
a: no special abilities


You were on level 3 of the Dungeon.
You were not hungry.

You visited 1 branch of the dungeon, and saw 3 of its levels.

You collected 151 gold pieces.

Inventory:

Missiles
 g - 175 stones (quivered)
 n - 8 boomerangs
Armour
 a - a cursed +0 leather armour (worn)
 t - a +2 robe of magic resistance
Jewellery
 r - a +4 ring of protection (left claw)
Scrolls
 d - a scroll of teleportation {unknown}
 e - 2 scrolls of amnesia
 f - a scroll of magic mapping {unknown}
 h - a scroll of blinking
 i - a scroll of random uselessness {unknown}
 l - a scroll of enchant weapon {unknown}
 m - 2 scrolls of remove curse {unknown}
 o - a scroll of enchant armour {unknown}
 p - a scroll of identify {unknown}
Potions
 c - 3 potions of resistance {unknown}
 j - 2 potions of curing {unknown}
 k - a potion of haste {unknown}
Comestibles
 b - 4 rations


   Skills:
 - Level 4.0 Fighting
 + Level 1.2 Throwing
 - Level 2.0 Armour
 - Level 3.0 Dodging
 - Level 2.1 Stealth
 - Level 4.0 Unarmed Combat


You had 3 spell levels left.
You didn't know any spells.
Your spell library was empty.

Dungeon Overview and Level Annotations

Branches:
Dungeon (3/15)

Altars:
Fedhas

Annotations:
D:2 Sigmund
D:3 Crazy Yiuf


Innate Abilities, Weirdness & Mutations

Your body is rotting away.
You thrive on raw meat.
You are immune to poison.
You have sharp fingernails.
You are carnivorous and can eat meat at any time.
Your flesh is cold resistant. (rC+)
You are immune to negative energy. (rN+++)
You do not regenerate when monsters are visible.
You are immune to unholy pain and torment.
You can survive without breathing.


Message History

Crazy Yiuf hits you with a +2 quarterstaff of chaos.
* * * LOW HITPOINT WARNING * * *
You take 3 damage, and have 12/40 hp.
You scratch Crazy Yiuf but do no damage.
Crazy Yiuf is severely wounded.
Crazy Yiuf hits you but does no damage.
You barely miss Crazy Yiuf.
Crazy Yiuf is severely wounded.
Crazy Yiuf misses you.
You closely miss Crazy Yiuf.
Crazy Yiuf is heavily wounded.
You scratch Crazy Yiuf.
Crazy Yiuf is severely wounded.
Crazy Yiuf hits you with a +2 quarterstaff of chaos!
* * * LOW HITPOINT WARNING * * *
You feel agile all of a sudden.
You take 7 damage, and have 5/40 hp.
Crazy Yiuf whimpers, "East hand tired!"
Crazy Yiuf hits you with a +2 quarterstaff of chaos!
You die...

###.#....## #.#
##..#......## #.#
'.####......###.# ###
##.........#
#########.## #..# ##.#
####### ### #g# ......##
##.###@#
.......####...##.####.##
.......'................
.......####...##.####...
......## ##.###.#
.....## ###...# #...##
#.### ##'## #.# ##.# #.#


You could see Crazy Yiuf.

Vanquished Creatures
  An orc wizard (D:3)
  2 adders (D:3)
  An ooze (D:1)
  3 worms
  4 dart slugs
  A leopard gecko (D:1)
  3 orcs (D:3)
  3 goblins
  5 hobgoblins
  5 bats
  A frilled lizard (D:2)
  6 kobolds
  A rat (D:1)
36 creatures vanquished.

Notes
Turn   | Place    | Note
-------+----------+-------------------------------------------
     0 | D:1      | Helmschank the Ghoul Monk began the quest for the Orb.
     0 | D:1      | Reached XP level 1. HP: 19/19 MP: 0/0
   516 | D:1      | Reached XP level 2. HP: 17/26 MP: 1/1
   831 | D:1      | Reached XP level 3. HP: 28/33 MP: 2/2
  1170 | D:2      | Found a blossoming altar of Fedhas.
  1186 | D:2      | Noticed Sigmund
  1515 | D:2      | Reached skill level 1 in Armour
  2268 | D:3      | Reached XP level 4. HP: 32/40 MP: 3/3
  2437 | D:3      | Reached skill level 1 in Throwing
  2552 | D:3      | Found a runed translucent door.
  2553 | D:3      | Noticed Crazy Yiuf
  2583 | D:3      | Slain by Crazy Yiuf

Illustrated notes

Levels and vault maps discovered:
D:1:      matt_arrival_grand_opening, layout_basic
D:2:      layout_loops_cross, old_standard_altar, minmay_tromino_i4,
          uniq_sigmund
D:3:      layout_loops_corners, uniq_crazy_yiuf_cottage

Skill      XL: |  1  2  3  4 |
---------------+-------------+-----
Unarmed Combat | 4 |  4.0
Fighting       | 4 |  4.0
Armour         | 2 |  2.0
Dodging        | 3 |  3.0
Throwing       | 1 |  1.2
Stealth        | |  2.1

Action                   |  1- 3 |  4- 6 || total
-------------------------+-------+-------++-------
Melee: Unarmed           |    88 |    24 ||   112
       Punch             |     1 |       ||     1
Throw: Stone             |    33 |     6 ||    39
  Use: Scroll            |     2 |       ||     2
 Stab: Sleeping          |     2 |       ||     2
  Eat: Chunk             |     5 |     4 ||     9
Armor: Robe              |     9 |       ||     9
       Leather armour    |     2 |     1 ||     3
Dodge: Dodged            |    46 |    15 ||    61
